| TOP OF THE 1ST |
|
Erie SeaWolves batting - Pitching for Chattanooga Lookouts : RHP Justin Gorden
|
|
Pitching: RHP Justin Gorden
|
|
|
Batting: RHB Brandon O'Malley
|
0-0: Ball 1-0: SINGLE (Groundball, 6MD, EV 96.9 MPH)
|
|
Batting: RHB Adam MacConnell
|
0-0: Called Strike 0-1: Foul Ball, location: 2F 0-2: Ball 1-2: Strikes out swinging
|
|
Batting: RHB John Evancho
|
0-0: Ball 1-0: Called Strike 1-1: Ball 2-1: Swinging Strike 2-2: Foul Ball, location: 2F 2-2: Fly out, F4 (Popup, 4S, EV 70.0 MPH)
|
|
Batting: RHB Eric Angelle
|
0-0: Ball 1-0: Ball 2-0: Called Strike 2-1: Fly out, F3 (Popup, 3F, EV 73.8 MPH)
|
| Top of the 1st over - 0 runs, 1 hit, 0 errors, 1 left on base; Erie 0 - Chattanooga 0 |
| BOTTOM OF THE 1ST |
|
Chattanooga Lookouts batting - Pitching for Erie SeaWolves : RHP Alex Garrett
|
|
Pitching: RHP Alex Garrett
|
|
|
Batting: RHB J.J. Powers
|
0-0: Called Strike 0-1: Ground out U3 (Groundball, 3, EV 78.1 MPH)
|
|
Batting: RHB Jesse Scott
|
0-0: Ball 1-0: Bunt missed! 1-1: Ball 2-1: Fly out, F6 (Line Drive, 6, EV 66.2 MPH)
|
|
Batting: LHB Chaim Huting
|
0-0: Ball 1-0: Called Strike 1-1: Foul Ball, location: 2F 1-2: Strikes out swinging
|
| Bottom of the 1st over - 0 runs, 0 hits, 0 errors, 0 left on base; Erie 0 - Chattanooga 0 |
| TOP OF THE 2ND |
|
Erie SeaWolves batting - Pitching for Chattanooga Lookouts : RHP Justin Gorden
|
|
Batting: RHB Carlos Armenteros
|
0-0: Ball 1-0: SINGLE (Flyball, 8LS, EV 91.9 MPH)
|
|
Batting: SHB Sean Foley
|
0-0: Called Strike Carlos Armenteros steals 2nd base 0-1: Ball 1-1: Ball 2-1: Foul Ball, location: 2F 2-2: Ground out 6-3 (Groundball, 56D, EV 80.0 MPH)
|
|
Batting: RHB Tanner Purchase
|
0-0: Called Strike 0-1: Ball 1-1: Foul Ball, location: 2F 1-2: Strikes out swinging
|
|
Batting: RHB Jordan Hall
|
0-0: Ball 1-0: Swinging Strike 1-1: Foul Ball, location: 2F 1-2: Foul Ball, location: 2F 1-2: Ball 2-2: Strikes out swinging
|
| Top of the 2nd over - 0 runs, 1 hit, 0 errors, 1 left on base; Erie 0 - Chattanooga 0 |
| BOTTOM OF THE 2ND |
|
Chattanooga Lookouts batting - Pitching for Erie SeaWolves : RHP Alex Garrett
|
|
Batting: RHB Miguel Diaz
|
0-0: Foul Ball, location: 2F 0-1: Ball 1-1: Ground out 5-3 (Groundball, 5, EV 100.6 MPH)
|
|
Batting: RHB Matt Dunn
|
0-0: Foul Ball, location: 2F 0-1: SINGLE (Line Drive, 89S, EV 95.6 MPH)
|
|
Batting: RHB Manuel Juarez
|
0-0: Called Strike Matt Dunn steals 2nd base (no throw) 0-1: Ball 1-1: Ball 2-1: SINGLE (Line Drive, 34D, EV 96.2 MPH) Matt Dunn to third Runner from 3rd tries for Home, SAFE, throw by RF to home Manuel Juarez to second
|
|
Batting: RHB Cyril Husson
|
0-0: Foul Ball, location: 2F 0-1: Ball 1-1: Ball 2-1: Ball 3-1: TRIPLE (Flyball, 9LD, EV 98.1 MPH) Manuel Juarez scores
|
|
Batting: LHB Jim Pankratz
|
0-0: Ball 1-0: Ball 2-0: Ball 3-0: Called Strike 3-1: Base on Balls
|
|
Batting: SHB Ian Thompson
|
0-0: Ball Jim Pankratz is caught stealing 2nd base 2-6 1-0: Ball 2-0: Foul Ball, location: 2F 2-1: Ball 3-1: Base on Balls
|
|
Batting: RHB J.J. Powers
|
0-0: Ball 1-0: Called Strike 1-1: Ball 2-1: Foul Ball, location: 2F 2-2: Ball 3-2: Ground out 1-3 (Groundball, 15, EV 70.0 MPH)
|
| Bottom of the 2nd over - 2 runs, 3 hits, 0 errors, 2 left on base; Erie 0 - Chattanooga 2 |
| TOP OF THE 3RD |
|
Erie SeaWolves batting - Pitching for Chattanooga Lookouts : RHP Justin Gorden
|
|
Batting: LHB Luis Dominguez
|
0-0: Called Strike 0-1: Ball 1-1: Foul Ball, location: 2F 1-2: Ball 2-2: Foul Ball, location: 2F 2-2: Ball 3-2: Base on Balls
|
|
Batting: RHB Brandon O'Malley
|
0-0: Swinging Strike 0-1: Ball 1-1: Called Strike 1-2: Ball 2-2: Ball 3-2: Fly out, F7 (Line Drive, 7S, EV 90.6 MPH)
|
|
Batting: RHB Adam MacConnell
|
0-0: Foul Ball, location: 2F 0-1: SINGLE (Line Drive, 3D, EV 101.9 MPH) Luis Dominguez to second
|
|
Batting: RHB John Evancho
|
0-0: Fly out, F7 (Flyball, 78S, EV 79.4 MPH)
|
|
Batting: RHB Eric Angelle
|
0-0: Called Strike 0-1: Ball 1-1: Foul Ball, location: 2F 1-2: Ball 2-2: Foul Ball, location: 2F 2-2: Fly out, F6 (Popup, 56, EV 76.2 MPH)
|
| Top of the 3rd over - 0 runs, 1 hit, 0 errors, 2 left on base; Erie 0 - Chattanooga 2 |
| BOTTOM OF THE 3RD |
|
Chattanooga Lookouts batting - Pitching for Erie SeaWolves : RHP Alex Garrett
|
|
Batting: RHB Jesse Scott
|
0-0: Called Strike 0-1: Called Strike 0-2: Ball 1-2: Fly out, F7 (Flyball, 7LM, EV 105.6 MPH)
|
|
Batting: LHB Chaim Huting
|
0-0: Ball 1-0: Ball 2-0: Foul Ball, location: 2F 2-1: Ball 3-1: Base on Balls
|
|
Batting: RHB Miguel Diaz
|
0-0: SINGLE (Groundball, 5S, EV 76.2 MPH) (infield hit) Chaim Huting to second
|
|
Batting: RHB Matt Dunn
|
0-0: Ball 1-0: Foul Ball, location: 2F 1-1: 3-RUN HOME RUN (Flyball, 8RXD, EV 105.6 MPH), Distance : 433 ft
|
|
Batting: RHB Manuel Juarez
|
0-0: Ball 1-0: Foul Ball, location: 2F 1-1: Swinging Strike 1-2: Strikes out swinging
|
|
Batting: RHB Cyril Husson
|
0-0: Swinging Strike 0-1: Fly out, F4 (Line Drive, 4MD, EV 60.6 MPH)
|
| Bottom of the 3rd over - 3 runs, 2 hits, 0 errors, 0 left on base; Erie 0 - Chattanooga 5 |
| TOP OF THE 4TH |
|
Erie SeaWolves batting - Pitching for Chattanooga Lookouts : RHP Justin Gorden
|
|
Batting: RHB Carlos Armenteros
|
0-0: Called Strike 0-1: Fly out, F7 (Flyball, 78M, EV 98.1 MPH)
|
|
Batting: SHB Sean Foley
|
0-0: Ball 1-0: Ball 2-0: Foul Ball, location: 2F 2-1: Ball 3-1: Called Strike 3-2: Strikes out swinging
|
|
Batting: RHB Tanner Purchase
|
0-0: Ball 1-0: Ball 2-0: Ball 3-0: Base on Balls
|
|
Batting: RHB Jordan Hall
|
0-0: Called Strike 0-1: Foul Ball, location: 2F 0-2: Foul Ball, location: 2F Pickoff Throw to First - Out! 1-3
|
| Top of the 4th over - 0 runs, 0 hits, 0 errors, 0 left on base; Erie 0 - Chattanooga 5 |
| BOTTOM OF THE 4TH |
|
Chattanooga Lookouts batting - Pitching for Erie SeaWolves : RHP Alex Garrett
|
|
Batting: LHB Jim Pankratz
|
0-0: Ball 1-0: Ball 2-0: Foul Ball, location: 2F 2-1: Swinging Strike 2-2: Foul Ball, location: 2F 2-2: Foul Ball, location: 2F 2-2: Foul Ball, location: 2F 2-2: Foul Ball, location: 2F 2-2: Ground out 3-1 (Groundball, 34S, EV 77.5 MPH)
|
|
Batting: SHB Ian Thompson
|
0-0: Ball 1-0: Foul Ball, location: 2F 1-1: Swinging Strike 1-2: Ground out 4-3 (Groundball, 4, EV 80.6 MPH)
|
|
Batting: RHB J.J. Powers
|
0-0: Foul Ball, location: 2F 0-1: Ball 1-1: Ball 2-1: Ball 3-1: Base on Balls
|
|
Pitching: RHP Branden Maynard
|
|
|
Batting: RHB Jesse Scott
|
0-0: Foul Ball, location: 2F 0-1: Foul Ball, location: 2F 0-2: Ball 1-2: Ground out 5-3 (Groundball, 5S, EV 85.0 MPH)
|
| Bottom of the 4th over - 0 runs, 0 hits, 0 errors, 1 left on base; Erie 0 - Chattanooga 5 |
| TOP OF THE 5TH |
|
Erie SeaWolves batting - Pitching for Chattanooga Lookouts : RHP Justin Gorden
|
|
Batting: RHB Jordan Hall
|
0-0: Called Strike 0-1: Ball 1-1: Called Strike 1-2: Ground out 1-3 (Groundball, 13, EV 65.0 MPH)
|
|
Batting: LHB Luis Dominguez
|
0-0: Ball 1-0: Called Strike 1-1: Ball 2-1: Swinging Strike 2-2: Strikes out swinging
|
|
Batting: RHB Brandon O'Malley
|
0-0: Ball 1-0: Ball 2-0: Called Strike 2-1: Swinging Strike 2-2: Ball 3-2: Foul Ball, location: 2F 3-2: Base on Balls
|
|
Batting: RHB Adam MacConnell
|
0-0: Fly out, F8 (Flyball, 8RS, EV 78.8 MPH)
|
| Top of the 5th over - 0 runs, 0 hits, 0 errors, 1 left on base; Erie 0 - Chattanooga 5 |
| BOTTOM OF THE 5TH |
|
Chattanooga Lookouts batting - Pitching for Erie SeaWolves : RHP Branden Maynard
|
|
Batting: LHB Chaim Huting
|
0-0: Called Strike 0-1: Fly out, F7 (Flyball, 7, EV 83.1 MPH)
|
|
Batting: RHB Miguel Diaz
|
0-0: Fly out, F7 (Flyball, 7LMF, EV 83.1 MPH)
|
|
Batting: RHB Matt Dunn
|
0-0: Ball 1-0: Called Strike 1-1: Called Strike 1-2: Strikes out swinging
|
| Bottom of the 5th over - 0 runs, 0 hits, 0 errors, 0 left on base; Erie 0 - Chattanooga 5 |
| TOP OF THE 6TH |
|
Erie SeaWolves batting - Pitching for Chattanooga Lookouts : RHP Justin Gorden
|
|
Batting: RHB John Evancho
|
0-0: Called Strike 0-1: Ball 1-1: Ball 2-1: Called Strike 2-2: Strikes out looking
|
|
Batting: RHB Eric Angelle
|
0-0: Called Strike 0-1: Ball 1-1: Fly out, F8 (Line Drive, 8LM, EV 90.0 MPH)
|
|
Batting: RHB Carlos Armenteros
|
0-0: Ball 1-0: Foul Ball, location: 2F 1-1: Foul Ball, location: 2F 1-2: Ball 2-2: Foul Ball, location: 2F 2-2: Strikes out swinging
|
| Top of the 6th over - 0 runs, 0 hits, 0 errors, 0 left on base; Erie 0 - Chattanooga 5 |
| BOTTOM OF THE 6TH |
|
Chattanooga Lookouts batting - Pitching for Erie SeaWolves : RHP Branden Maynard
|
|
Batting: RHB Manuel Juarez
|
0-0: Ball 1-0: Ball 2-0: Ball 3-0: Called Strike 3-1: Foul Ball, location: 2F 3-2: Foul Ball, location: 2F 3-2: SINGLE (Line Drive, 6D, EV 105.0 MPH)
|
|
Batting: RHB Cyril Husson
|
0-0: Called Strike 0-1: Foul Ball, location: 2F 0-2: Ball 1-2: Foul Ball, location: 2F 1-2: Ball 2-2: Ball 3-2: SINGLE (Groundball, 25, EV 66.2 MPH) (infield hit) Manuel Juarez to second
|
|
Batting: LHB Jim Pankratz
|
0-0: Fly out, F8 (Flyball, 8LXD, EV 104.4 MPH) Runner from 2nd tags up, SAFE at 3rd, no throw by CF
|
|
Batting: SHB Ian Thompson
|
0-0: Called Strike 0-1: Swinging Strike 0-2: Strikes out swinging
|
|
Batting: RHB J.J. Powers
|
0-0: Foul Ball, location: 2F 0-1: SINGLE (Groundball, P, EV 85.6 MPH) (infield hit) Manuel Juarez scores Cyril Husson to second
|
|
Batting: RHB Jesse Scott
|
0-0: Ball 1-0: Called Strike 1-1: Called Strike 1-2: Strikes out looking
|
| Bottom of the 6th over - 1 run, 3 hits, 0 errors, 2 left on base; Erie 0 - Chattanooga 6 |
| TOP OF THE 7TH |
|
Erie SeaWolves batting - Pitching for Chattanooga Lookouts : RHP Justin Gorden
|
|
Batting: SHB Sean Foley
|
0-0: Ball 1-0: Ground out 6-3 (Groundball, 6, EV 88.1 MPH)
|
|
Batting: RHB Tanner Purchase
|
0-0: Called Strike 0-1: Fly out, F8 (Flyball, 8RM, EV 76.2 MPH)
|
|
Batting: RHB Jordan Hall
|
0-0: Ball 1-0: Ball 2-0: Swinging Strike 2-1: Foul Ball, location: 2F 2-2: Strikes out swinging
|
| Top of the 7th over - 0 runs, 0 hits, 0 errors, 0 left on base; Erie 0 - Chattanooga 6 |
| BOTTOM OF THE 7TH |
|
Chattanooga Lookouts batting - Pitching for Erie SeaWolves : RHP Branden Maynard
|
|
Batting: LHB Chaim Huting
|
0-0: DOUBLE (Line Drive, 7LM, EV 103.1 MPH)
|
|
Batting: RHB Miguel Diaz
|
0-0: Ball 1-0: Ball 2-0: Called Strike 2-1: Foul Ball, location: 2F 2-2: Foul Ball, location: 2F 2-2: Foul Ball, location: 2F 2-2: Foul Ball, location: 2F 2-2: SINGLE (Line Drive, 6MD, EV 105.0 MPH) Chaim Huting to third
|
|
Batting: RHB Matt Dunn
|
0-0: Foul Ball, location: 2F 0-1: Called Strike 0-2: Strikes out looking
|
|
Batting: RHB Manuel Juarez
|
0-0: Called Strike 0-1: Ball 1-1: Ball 2-1: Called Strike 2-2: Strikes out swinging
|
|
Pitching: RHP Luke Totzke
|
|
|
Batting: RHB Cyril Husson
|
0-0: Ball 1-0: Swinging Strike 1-1: Called Strike 1-2: Ball 2-2: Ground out 4-3 (Groundball, 4, EV 81.2 MPH)
|
| Bottom of the 7th over - 0 runs, 2 hits, 0 errors, 2 left on base; Erie 0 - Chattanooga 6 |
| TOP OF THE 8TH |
|
Erie SeaWolves batting - Pitching for Chattanooga Lookouts : RHP Justin Gorden
|
|
Pitching: RHP Matt Peck
|
|
|
Batting: LHB Luis Dominguez
|
0-0: Ball 1-0: Called Strike 1-1: Foul Ball, location: 2F 1-2: Strikes out looking
|
|
Batting: RHB Brandon O'Malley
|
0-0: Called Strike 0-1: Ball 1-1: Ground out 6-3 (Groundball, 6, EV 102.5 MPH)
|
|
Batting: RHB Adam MacConnell
|
0-0: Swinging Strike 0-1: Ball 1-1: Ball 2-1: Foul Ball, location: 2F 2-2: SINGLE (Groundball, 4MD, EV 107.5 MPH)
|
|
Batting: RHB John Evancho
|
0-0: Called Strike 0-1: Hit by Pitch Adam MacConnell to second
|
|
Batting: RHB Eric Angelle
|
0-0: Called Strike 0-1: Swinging Strike 0-2: Strikes out swinging, 2-3 out at first.
|
| Top of the 8th over - 0 runs, 1 hit, 0 errors, 2 left on base; Erie 0 - Chattanooga 6 |
| BOTTOM OF THE 8TH |
|
Chattanooga Lookouts batting - Pitching for Erie SeaWolves : RHP Luke Totzke
|
|
Batting: LHB Jim Pankratz
|
0-0: Foul Ball, location: 2F 0-1: Called Strike 0-2: Strikes out swinging
|
|
Batting: SHB Ian Thompson
|
0-0: Ball 1-0: Called Strike 1-1: Fly out, F9 (Flyball, 9, EV 87.5 MPH)
|
|
Batting: RHB J.J. Powers
|
0-0: Ball 1-0: Foul Ball, location: 2F 1-1: Foul Ball, location: 2F 1-2: Ball 2-2: Foul Ball, location: 2F 2-2: Fly out, F9 (Flyball, 9, EV 77.5 MPH)
|
| Bottom of the 8th over - 0 runs, 0 hits, 0 errors, 0 left on base; Erie 0 - Chattanooga 6 |
| TOP OF THE 9TH |
|
Erie SeaWolves batting - Pitching for Chattanooga Lookouts : RHP Matt Peck
|
|
Batting: RHB Carlos Armenteros
|
0-0: Ground out 1-3 (Groundball, 23, EV 70.6 MPH)
|
|
Batting: SHB Sean Foley
|
0-0: Ball 1-0: Ball 2-0: Called Strike 2-1: Foul Ball, location: 2F 2-2: Fly out, F9 (Line Drive, 9, EV 111.9 MPH)
|
|
Batting: RHB Tanner Purchase
|
0-0: SINGLE (Line Drive, 78S, EV 101.9 MPH)
|
|
Batting: RHB Jordan Hall
|
0-0: Called Strike 0-1: DOUBLE (Line Drive, 89D, EV 106.2 MPH) Tanner Purchase to third
|
|
Batting: LHB Luis Dominguez
|
0-0: Foul Ball, location: 2F 0-1: Ball 1-1: Ball 2-1: Ball Wild Pitch! Tanner Purchase scores Jordan Hall to third 3-1: Base on Balls
|
|
Batting: RHB Brandon O'Malley
|
0-0: Called Strike 0-1: Fielders Choice at 2nd, 5-4 (Groundball, 56, EV 115.0 MPH)
|
| Top of the 9th over - 1 run, 2 hits, 0 errors, 2 left on base; Erie 1 - Chattanooga 6 |
|